 Dungeon Crawl Stone Soup version 0.28-a0-631-g0446da8ef9 (webtiles) character file.

Game seed: 8337399773076710158

849 Armakuni the Basher (level 8, -9/68 HPs)
             Began as a Human Transmuter on Oct 9, 2021.
             Mangled by Robin (15 damage)
             ... on level 3 of the Dungeon.
             The game lasted 00:12:43 (3749 turns).

Armakuni the Basher (Human Transmuter)              Turns: 3749, Time: 00:12:44

Health: -9/68      AC:  9    Str: 12    XL:     8   Next: 21%
Magic:  11/11      EV: 12    Int: 15    God:
Gold:   67         SH:  0    Dex: 13    Spells: 7/11 levels left

rFire   . . .      SeeInvis .   a - +4 quarterstaff (chaos)
rCold   . . .      Faith    .   (shield currently unavailable)
rNeg    . . .      Spirit   .   d - +0 ring mail
rPois   .          Reflect  .   (no helmet)
rElec   .          Harm     .   h - +2 cloak {Stlth+}
rCorr   .          Rampage  .   (no gloves)
Will    .....                   (no boots)
Stlth   ++........              (no amulet)
HPRegen 0.21/turn               (no ring)
MPRegen 0.12/turn               (no ring)

@: no status effects
A: no striking features
a: no special abilities


You were on level 3 of the Dungeon.
You visited 1 branch of the dungeon, and saw 3 of its levels.

You collected 67 gold pieces.

Inventory:

Hand Weapons
 a - a +4 quarterstaff of chaos (weapon)
 e - a +0 whip
Missiles
 b - 31 poisoned darts (quivered)
Armour
 d - a +0 ring mail (worn)
 h - a +2 cloak of stealth (worn)
Potions
 c - 2 potions of magic
 f - a potion of might


   Skills:
 - Level 8.1 Fighting
 - Level 8.7 Maces & Flails
 + Level 1.8 Throwing
 - Level 6.7 Armour
 - Level 5.2 Dodging
 - Level 3.0 Unarmed Combat
 - Level 2.0 Spellcasting
 - Level 6.8 Transmutations


You had 7 spell levels left.
You knew the following spells:

 Your Spells              Type           Power      Damage    Failure   Level
a - Beastly Appendage     Tmut           44%        N/A       2%          1
w - Wereblood             Tmut           22%        N/A       4%          2
z - Apportation           Tloc           2%         N/A       41%         1

Your spell library contained the following spells:

 Spells                   Type           Power      Damage    Failure   Level
 Spider Form              Tmut/Pois      5%         N/A       32%         3
 Ice Form                 Ice/Tmut       11%        N/A       73%         4
 Alistair's Intoxication  Tmut/Pois      7%         N/A       97%         5
 Passage of Golubria      Tloc           N/A        N/A       99%         4
 Silence                  Hex/Air        0%         N/A       100%        5
 Invisibility             Hex            0%         N/A       100%        6
 Lehudib's Crystal Spear  Conj/Erth      0%         10d2      100%        8


Dungeon Overview and Level Annotations

Branches:
Dungeon (3/15)

Altars:

Shops:
D:3 ?

Annotations:
D:3 Robin


Message History

Robin hits you with a +0 short sword of electrocution.
You hit Robin.
Robin is severely wounded.
Robin barely misses you.
The goblin shoots a stone.
The stone hits you.
Press: ? - help, v - describe, . - travel, g - get item
Here: Robin, wielding a +0 short sword of electrocution, wearing a +0 animal skin and wearing a +0 helmet (severely wounded, fast)
Items here: a +0 dagger; a +0 club; a goblin corpse.
The floor, spattered with blood.
Unknown command.
You feel less invigorated.
You feel less confused.
The goblin shoots a stone.
The stone hits you but does no damage.
Robin roars a battlecry!
The goblin goes into a battle-frenzy!
You hit Robin.
Robin flickers and vanishes!
Deactivating autopickup; reactivate with Ctrl-A.
Something hits you but does no damage.
The goblin shoots a stone.
The stone barely misses you.
You closely miss something. Something hits you but does no damage.
You are electrocuted!
* * * LOW HITPOINT WARNING * * *
The goblin shoots a stone.
The stone hits you but does no damage. Something hits you but does no damage.
The goblin shoots a stone.
The stone hits you but does no damage.
The goblin shoots a stone.
The stone misses you. Something hits you but does no damage.
You are electrocuted!
* * * LOW HITPOINT WARNING * * *
An orc comes into view. It is wielding a +0 short sword.
The orc shouts!
You hear a shout! x2
The goblin unwields a +0 hunting sling.
The goblin wields a +0 dagger.
The goblin closely misses you.
An orc comes into view. It is wielding a +0 flail.
Okay, then.
An orc comes into view. It is wielding a +0 dagger.
The orc shouts!
The goblin hits you but does no damage. Something throws the goblin at you!
You barely miss the goblin. Something hits you.
* * * LOW HITPOINT WARNING * * *
You are electrocuted!
You die...

#.###........#
..#.......#.#### .
..#######.#[# .. ..#
#.#.# #.. ... #o# #.#.#
#.# ...o #o# #.#.# #.#
..... #.# #)#.# #.#
......#.#######.#.# #.#
......g@.....##.#.# #.#
......######.##.#.####.#
.#.## #.)†)†...#.......
......###.#########.#
##................#.#
#.######.#######.#.# #
#...........#
#####<....#.. #####.#.#


You could see 3 orcs and a goblin (strong).

Vanquished Creatures
  Sigmund (D:3)
  Crazy Yiuf (D:2)
  Natasha (thrice) (D:2)
  3 gnolls (D:2)
  An adder (D:2)
  3 worms
  A dart slug (D:2)
  2 endoplasms (D:2)
  A giant cockroach (D:2)
  9 goblins
  13 hobgoblins
  6 quokkas
  6 ball pythons
  2 bats (D:1)
  2 frilled lizards (D:2)
  6 kobolds
  7 rats
67 creatures vanquished.

Vanquished Creatures (others)
  4 toadstools (D:1)
4 creatures vanquished.

Grand Total: 71 creatures vanquished

Notes
Turn   | Place    | Note
-------+----------+-------------------------------------------
     0 | D:1      | Armakuni the Human Transmuter began the quest for the Orb.
     0 | D:1      | Reached XP level 1. HP: 15/15 MP: 3/3
   200 | D:1      | Reached XP level 2. HP: 13/22 MP: 3/5
   237 | D:1      | Learned a level 2 spell: Wereblood
  1007 | D:2      | Reached XP level 3. HP: 28/28 MP: 4/6
  1556 | D:2      | Found a runed translucent door.
  1557 | D:2      | Noticed Crazy Yiuf
  1654 | D:2      | Reached XP level 4. HP: 31/35 MP: 5/7
  2175 | D:2      | Found a faded altar of an unknown god.
  2180 | D:2      | Noticed Natasha
  2196 | D:2      | Killed Natasha
  2197 | D:2      | Reached skill level 1 in Maces & Flails
  2197 | D:2      | Reached XP level 5. HP: 39/42 MP: 6/8
  2276 | D:2      | Learned a level 1 spell: Apportation
  2420 | D:2      | Noticed Natasha
  2431 | D:2      | Killed Natasha
  2581 | D:2      | Noticed Natasha
  2593 | D:2      | Killed Natasha
  3223 | D:3      | Found Evatar's Magic Scroll Boutique.
  3228 | D:3      | Reached skill level 5 in Maces & Flails
  3228 | D:3      | Reached skill level 5 in Dodging
  3228 | D:3      | Reached XP level 6. HP: 56/56 MP: 9/9
  3230 | D:3      | Reached XP level 7. HP: 62/62 MP: 10/10
  3416 | D:2      | Killed Crazy Yiuf
  3650 | D:3      | Noticed Sigmund
  3658 | D:3      | Killed Sigmund
  3659 | D:3      | Reached skill level 1 in Throwing
  3659 | D:3      | Reached XP level 8. HP: 65/68 MP: 11/11
  3716 | D:3      | Noticed Robin
  3749 | D:3      | Mangled by Robin

Illustrated notes

Levels and vault maps discovered:
D:1:      ldierk_walled_garden_2, layout_basic
D:2:      layout_rooms, hellmonk_ecumenical_altar_lost_god,
          kennysheep_generic_room_8, uniq_natasha, uniq_crazy_yiuf_cottage
D:3:      layout_basic, serial_shops, shop, uniq_robin, uniq_jessica,
          uniq_sigmund

Skill      XL: |  1  2  3  4  5  6  7 |
---------------+----------------------+-----
Fighting       | 2 3 4 8 |  8.1
Maces & Flails | 1 5 8 |  8.7
Armour         | 6 |  6.7
Dodging        | 5 |  5.2
Transmutations | 6 |  6.8
Throwing       | 1 |  1.8
Unarmed Combat | |  3.0
Spellcasting   | |  2.0

Action                   |  1- 3 |  4- 6 |  7- 9 || total
-------------------------+-------+-------+-------++-------
Melee: Unarmed           |    20 |    12 |       ||    32
       Kick              |    20 |     3 |     2 ||    25
       Headbutt          |    10 |     1 |     1 ||    12
       Whip              |    62 |    44 |     5 ||   111
       Punch             |       |     2 |       ||     2
       Quarterstaff      |       |       |    33 ||    33
Throw: Dart              |    10 |    46 |     4 ||    60
 Cast: Beastly Appendage |    24 |     8 |     1 ||    33
  Use: Scroll            |     3 |     1 |     2 ||     6
       Potion            |     2 |     5 |     1 ||     8
 Stab: Sleeping          |       |       |     1 ||     1
Armor: Robe              |    11 |     2 |       ||    13
       Ring mail         |       |     5 |    24 ||    29
       Skin              |       |     1 |       ||     1
Dodge: Dodged            |    45 |    38 |    25 ||   108

Table legend: (Time is in decaauts)
 A = Elapsed time spent in this place.
 B = Non-inter-level travel time spent in this place.
 C = Inter-level travel time spent in this place.
 D = Time resting spent in this place.
 E = Time spent auto-exploring this place.
 F = Levels seen in this place.
 G = Mean time per level.
                   A        B        C        D        E       F      G
               +--------+--------+--------+--------+--------+-----+--------+
         Total |   3764 |   3542 |    222 |    889 |   1777 |   3 | 1254.7 |
       Dungeon |   3764 |   3542 |    222 |    889 |   1777 |   3 | 1254.7 |
               +--------+--------+--------+--------+--------+-----+--------+

Top non-repeatable levels by time:
     D:2: 2119 daAuts
     D:1: 1203 daAuts
     D:3: 442 daAuts
